 Dungeon Crawl Stone Soup version 0.25-a0-424-g80bd347ae0 (webtiles) character file.

Game seed: 9295599936880690862, levelgen mode: deterministic

370 Kalelzar2 the Magician (level 6, -4/32 HPs)
             Began as a Deep Elf Summoner on Jan 21, 2020.
             Was a Plaything of Xom.
             Slain by an ogre
             ... wielding a +0 giant club
              (17 damage)
             ... on level 4 of the Dungeon.
             The game lasted 00:46:33 (5328 turns).

Kalelzar2 the Magician (Deep Elf Summoner)          Turns: 5328, Time: 00:46:33

Health: -4/32      AC:  9    Str:  5    XL:     6   Next: 42%
Magic:  13/17      EV: 14    Int: 22    God:    Xom [.....*]
Gold:   261        SH:  0    Dex: 15    Spells: 11/17 levels left

rFire    . . .     SeeInvis .   k - +2 spear (vorpal)
rCold    . . .     Gourm    +   (no shield)
rNeg     . . .     Faith    .   p - +2 robe {MR+}
rPois    .         Spirit   .   (no helmet)
rElec    .         Reflect  .   (no cloak)
rCorr    +         Harm     .   s - +2 pair of gloves
MR       +....                  f - +1 pair of boots
Stlth    ++........             i - amulet of the gourmand
HPRegen  0.10/turn              m - ring of resist corrosion
MPRegen  0.15/turn              (no ring)

@: no status effects
A: no striking features
a: Renounce Religion


You were on level 4 of the Dungeon.
You worshipped Xom.
You were Xom's teddy bear.
You were not hungry.

You visited 2 branches of the dungeon, and saw 6 of its levels.

You collected 261 gold pieces.

Inventory:

Hand Weapons
 k - a +2 vorpal spear (weapon)
Armour
 f - a +1 pair of boots (worn)
 p - a +2 robe of magic resistance (worn)
 s - a +2 pair of gloves (worn)
Jewellery
 i - an amulet of the gourmand (around neck)
 m - a ring of resist corrosion (left hand)
Wands
 n - a wand of random effects (16)
 r - a wand of paralysis (6)
Scrolls
 a - a scroll of identify
 d - a scroll of magic mapping
Potions
 b - 2 potions of curing
 e - a potion of haste
Comestibles
 c - 7 rations


   Skills:
 + Level 0.2 Polearms
 - Level 4.1 Dodging
 - Level 2.4 Stealth
 + Level 6.2 Spellcasting
 - Level 2.0 Hexes
 - Level 6.0 Summonings


You had 11 spell levels left.
You knew the following spells:

 Your Spells              Type           Power        Failure   Level  Hunger
a - Summon Small Mammal   Summ           ####         1%          1    None
b - Call Imp              Summ           ####....     1%          2    None
c - Summon Guardian Gole  Hex/Summ       ###.....     4%          3    #......

Your spell library contained the following spells:

 Spells                   Type           Power        Failure   Level  Hunger
 Call Canine Familiar     Summ           ####....     2%          3    #......
 Summon Ice Beast         Ice/Summ       ###.....     26%         4    ###....
 Summon Lightning Spire   Summ/Air       ###.....     26%         4    ###....


Dungeon Overview and Level Annotations

Branches:
Dungeon (5/15)             Temple (1/1) D:4

Altars:
Ashenzari
Cheibriados
Dithmenos
Elyvilon
Fedhas
Hepliaklqana
Makhleb
Nemelex Xobeh
Ru
Sif Muna
Trog
Uskayaw
Vehumet
Wu Jian
Xom
Yredelemnul
Zin
The Shining One


Message History

A scorpion comes into view.
The ogre hits you with a +0 giant club!
The centaur shoots an arrow.
The arrow hits you but does no damage. The ogre hits you with a +0 giant club!
* * * LOW HITPOINT WARNING * * *
There is a stone staircase leading up, spattered with blood here.
You see here an arrow.
The centaur shoots an arrow.
The arrow hits you but does no damage. The ogre completely misses you.
You climb upwards.
Your iron imp disappears in a puff of smoke!
Your crimson imp disappears in a puff of smoke! x2
There is a stone staircase leading down here.
You can't go up here!
Unknown command.
You can't go up here!
The ogre completely misses you.
You feel better. The ogre hits you with a +0 giant club!
Ouch! That really hurt!
You die...
Xom guffaws!

# ####### # #.....####
######## #.....#...
.......## #.....'...
#.####..# #########.....####
#'## ##'##
#.............#..# ...#
#...# #.............#..#
...# #...#
#@OO.....>....#... ...#
#...#######.............#...
...#
#...##5...###'###########)##
...#
#...##.................#....
...#
#...#.#................#....
...#
#...#.+................#....
...#
#...#.#................#....
...#
#...#.##############...#....
...#
#...#..........#####...#....


You could see 2 ogres.

Vanquished Creatures
  A phantom (D:4)
  A hound (D:4)
  A worker ant (D:4)
  A giant cockroach (D:1)
4 creatures vanquished.

Vanquished Creatures (collateral kills)
  Sigmund (D:3)
  A phantom (D:4)
  An ogre (D:4)
  A crimson imp (D:2)
  A hound (D:4)
  An iguana (D:3)
  4 adders (D:4)
  An ooze (D:1)
  An adder skeleton (D:4)
  2 worms (D:2)
  3 dart slugs
  A leopard gecko (D:1)
  An orc (D:3)
  A ball python (D:4)
  2 giant cockroaches
  4 goblins
  4 hobgoblins
  4 jackals (D:4)
  3 quokkas
  4 bats
  2 frilled lizards
  6 kobolds
  A quokka skeleton (D:4)
  5 rats
55 creatures vanquished.

Grand Total: 59 creatures vanquished

Notes
Turn   | Place    | Note
-------+----------+-------------------------------------------
     0 | D:1      | Kalelzar2 the Deep Elf Summoner began the quest for the
                  | Orb.
     0 | D:1      | Reached XP level 1. HP: 10/10 MP: 6/6
   580 | D:1      | Reached XP level 2. HP: 15/15 MP: 5/8
  1398 | D:2      | Found a hide-covered altar of Uskayaw.
  1814 | D:2      | Learned a level 2 spell: Call Imp
  1883 | D:2      | Found a blossoming altar of Fedhas.
  2156 | D:2      | Found a white marble altar of Elyvilon.
  2230 | D:2      | Found a burning altar of Makhleb.
  2230 | D:2      | Noticed a crimson imp
  2241 | D:2      | Killed a crimson imp
  2241 | D:2      | Reached skill level 5 in Summonings
  2241 | D:2      | Reached XP level 3. HP: 18/19 MP: 4/10
  2246 | D:2      | Learned a level 3 spell: Summon Guardian Golem
  2608 | D:3      | Found a shattered altar of Ashenzari.
  2849 | D:3      | Noticed Sigmund
  2994 | D:3      | Killed Sigmund
  2994 | D:3      | Reached skill level 1 in Hexes
  2994 | D:3      | Reached XP level 4. HP: 13/24 MP: 3/12
  3574 | D:3      | Reached XP level 5. HP: 4/28 MP: 9/14
  3917 | D:4      | Noticed a phantom
  3973 | D:4      | Killed a phantom
  3973 | D:4      | Reached skill level 5 in Spellcasting
  4124 | D:4      | Found a staircase to the Ecumenical Temple.
  4130 | Temple   | Entered the Ecumenical Temple
  4368 | Temple   | Became a worshipper of Xom the Random Number God
  4502 | D:4      | XOM: harmless Conj miscast
  4517 | D:4      | XOM: divination: magic mapping
  4593 | D:4      | Found a snail-covered altar of Cheibriados.
  4594 | D:4      | Noticed a phantom
  4625 | D:4      | Killed a phantom
  4657 | D:4      | Reached XP level 6. HP: 19/32 MP: 10/16
  5242 | D:4      | XOM: god gift: 20 gold pieces
  5308 | D:5      | Entered Level 5 of the Dungeon
  5328 | D:4      | Slain by an ogre

Levels and vault maps discovered:
D:1:      saegor_arrival_simple_b, layout_basic
D:2:      layout_rooms, makhleb_grotto_becter, eat_drink_and_be_merry_uskayaw,
          lemuel_crystal_altar, fedhas_altar_1
D:3:      layout_loops_cross, nicolae_ashenzari_panopticon, first_ration,
          uniq_sigmund
D:4:      layout_gridville, old_standard_altar, minmay_temple_entry_hall,
          nrook_uturn
D:5:      layout_rooms, kennysheep_little_box, serial_park_tiny_pond,
          dk_noncrumbling_2, uniq_pikel
Temple:   nicolae_temple_god_jail

Skill      XL: |  1  2  3  4  5  6 |
---------------+-------------------+-----
Dodging        | 3 4 |  4.1
Spellcasting   | 4 5 6 |  6.2
Summonings     | 5 6 |  6.0
Hexes          | 1 2 |  2.0
Polearms       | |  0.2
Stealth        | |  2.4

Action                   |  1- 3 |  4- 6 || total
-------------------------+-------+-------++-------
Melee: Unarmed           |     2 |       ||     2
       Spear             |       |    23 ||    23
 Cast: Summon Small Mamm |    83 |    21 ||   104
       Call Imp          |    18 |    37 ||    55
       Summon Guardian G |     3 |     4 ||     7
  Use: Scroll            |     3 |     5 ||     8
       Potion            |     1 |     6 ||     7
  Eat: Ration            |     2 |     1 ||     3
       Chunk             |     1 |     3 ||     4
Armor: Robe              |    10 |    25 ||    35
Dodge: Dodged            |    28 |    50 ||    78

Table legend:
 A = Non-vault XP
 B = Vault XP
 C = Vault XP percentage of total XP
 D = Non-vault monster count
 E = Vault monster count
 F = Vault count percentage of total count
                 A         B        C        D         E       F
            +---------+---------+-------+---------+---------+-------
      Total |     399 |     130 |  24.6 |      57 |       2 |   3.4
            +---------+---------+-------+---------+---------+-------
        D:1 |      21 |       0 |   0.0 |      16 |       0 |   0.0
        D:2 |      18 |      24 |  57.1 |      13 |       1 |   7.1
        D:3 |      27 |     106 |  79.7 |       9 |       1 |  10.0
        D:4 |     333 |       0 |   0.0 |      19 |       0 |   0.0
            +---------+---------+-------+---------+---------+-------
